 Dungeon Crawl Stone Soup version 0.23-a0-136-g722f094 (webtiles) character file.

21 tatocazan the Conjurer (level 2, -4/23 HPs)
             Began as a Draconian Conjurer on Aug 29, 2018.
             Slain by an ogre
             ... wielding a +0 giant spiked club
              (27 damage)
             ... on level 4 of the Dungeon.
             The game lasted 00:03:43 (867 turns).

tatocazan the Conjurer (Draconian Conjurer)          Turns: 867, Time: 00:03:43

Health: -4/23      AC:  4    Str: 10    XL:     2   Next: 65%
Magic:  5/5        EV: 11    Int: 15    God:
Gold:   38         SH:  3    Dex: 11    Spells: 4/5 levels left

rFire    . . .     SeeInvis .   d - +0 dagger
rCold    . . .     Gourm    .   e - +0 buckler
rNeg     . . .     Faith    .   (armour unavailable)
rPois    .         Spirit   .   (helmet restricted)
rElec    .         Reflect  .   (no cloak)
rCorr    .         Harm     .   (no gloves)
MR       .....                  (no boots)
Stlth    ++........             (no amulet)
HPRegen  0.07/turn              (no ring)
MPRegen  0.09/turn              (no ring)

@: no status effects
A: unfitting armour, cold-blooded, AC +4
a: no special abilities


You were on level 4 of the Dungeon.
You were not hungry.

You visited 1 branch of the dungeon, and saw 3 of its levels.

You collected 38 gold pieces.

Inventory:

Hand Weapons
 d - a +0 dagger (weapon)
 f - a +0 short sword
Missiles
 g - 8 tomahawks (quivered)
Armour
 e - a +0 buckler (worn)
Scrolls
 i - a scroll of remove curse
Potions
 a - a potion of mutation {unknown}
 h - 2 potions of lignification {unknown}
 j - a potion of invisibility {unknown}
Comestibles
 b - 4 rations
 c - a chunk of flesh


   Skills:
 * Level 1.4 Fighting
 - Level 1.7 Dodging
 - Level 2.0 Stealth
 + Level 2.2 Spellcasting
 * Level 4.3 Conjurations


You had 4 spell levels left.
You knew the following spells:

 Your Spells              Type           Power        Failure   Level  Hunger
a - Magic Dart            Conj           ##..         6%          1    #......

Your spell library contained the following spells:

 Spells                   Type           Power        Failure   Level  Hunger
 Searing Ray              Conj           ##....       10%         2    ###....
 Dazzling Spray           Conj/Hex       #.....       41%         3    ###....
 Iskenderun's Mystic Bla  Conj           ##......     52%         4    #####..
 Force Lance              Conj/Tloc      #.......     83%         4    #####..
 Fulminant Prism          Conj/Hex       #.........   83%         4    #####..


Dungeon Overview and Level Annotations

Branches:
Dungeon (2/15)

Altars:


Innate Abilities, Weirdness & Mutations

Your plain brown scales are hard. (AC +4)
You cannot fit into any form of body armour.
You are cold-blooded and may be slowed by cold attacks.


Message History

j - a black potion Done exploring.
Done exploring.
There is an escape hatch in the floor here.
There is a stone staircase leading down here.
You climb downwards.
Found a scroll labeled WYROINIDESS.
There is a stone staircase leading up here.
i - 2 scrolls labeled WYROINIDESS (gained 1)
You fall through a shaft for 2 floors!
The shaft crumbles and collapses.
An ogre comes into view. It is wielding a giant spiked club.
Found a fluorescent wand and a quarterstaff.
The ogre shouts!
Some of the chunks of flesh in your inventory have rotted away.
As you read the scroll labeled WYROINIDESS, it crumbles to dust.
You feel blessed for a moment.
It was a scroll of remove curse.
The ogre hits you with a giant spiked club!!
Ouch! That really hurt!
You die...

#............
##...#########
#...## #..##
#..# #..# #..#
#.O# ##@# #.#
##.# #.## ###


You could see an ogre.

Vanquished Creatures
  2 leopard geckos (D:1)
  2 giant cockroaches (D:1)
  3 goblins (D:1)
  2 hobgoblins (D:1)
  2 kobolds (D:1)
  A bat (D:1)
  2 frilled lizards (D:1)
  4 rats (D:1)
18 creatures vanquished.

Notes
Turn   | Place    | Note
-------+----------+-------------------------------------------
     0 | D:1      | tatocazan the Draconian Conjurer began the quest for the
                  | Orb.
     0 | D:1      | Reached XP level 1. HP: 14/14 MP: 3/3
   209 | D:1      | Reached skill level 1 in Fighting
   209 | D:1      | Reached XP level 2. HP: 21/23 MP: 1/5
   850 | D:2      | You fall through a shaft for 2 floors!
   850 | D:4      | Noticed an ogre
   867 | D:4      | Slain by an ogre

Vault maps used:
D:1:      evilmike_arrival_plus
D:2:      grunt_gozag_statues, uniq_sigmund, uniq_crazy_yiuf_cottage,
          uniq_robin, uniq_jessica
D:4:      nicolae_overflow_crystal_walls

Skill      XL: |  1  2 |
---------------+-------+-----
Fighting       | 1 |  1.4
Stealth        | 2 |  2.0
Dodging        | |  1.7
Spellcasting   | |  2.2
Conjurations   | |  4.3

Action                   || total
-------------------------++-------
Melee: Unarmed           ||    11
       Dagger            ||    14
       Tailslap          ||     2
 Cast: Magic Dart        ||    25
  Use: Scroll            ||     1
Armor: Skin              ||    12
Dodge: Dodged            ||    22
Block: Buckler           ||     1

Table legend:
 A = Non-vault XP
 B = Vault XP
 C = Vault XP percentage of total XP
 D = Non-vault monster count
 E = Vault monster count
 F = Vault count percentage of total count
                 A         B        C        D         E       F
            +---------+---------+-------+---------+---------+-------
      Total |      31 |       0 |   0.0 |      18 |       0 |   0.0
            +---------+---------+-------+---------+---------+-------
        D:1 |      31 |       0 |   0.0 |      18 |       0 |   0.0
            +---------+---------+-------+---------+---------+-------
